[Event "Titled Tuesday Blitz April 4 Late 2023"]
[White "Grigorov, Grigor"]
[Black "Kukula, Pawel"]
[WhiteFideId "2907313"]
[BlackFideId "1115081"]
[WhiteElo "2510"]
[BlackElo "2012"]
[Result "1-0"]
[Round "01"]
[TimeControl "180+2"]
[Date "2023.04.04"]
[WhiteClock "0:00:14"]
[BlackClock "0:01:02"]

1. d4 e6 2. e4 d5 3. exd5 exd5 4. Nf3 Bd6 5. Bd3 Ne7 6. O-O Bf5 7. Bxf5 Nxf5 8. Re1+ Ne7 9. Bg5 f6 10. Bh4 Nc6 11. Qd3 Qd7 12. Nbd2 O-O-O 13. c3 g5 14. Bg3 h5 15. b4 h4 16. Bxd6 Qxd6 17. Nb3 g4 18. Nfd2 g3 19. fxg3 hxg3 20. h3 Rde8 21. Nc5 Nd8 22. Re3 Nec6 23. Rae1 Rxe3 24. Rxe3 Rg8 25. Qf5+ Kb8 26. Nd7+ Ka8 27. Nf1 a6 28. Nxf6 Rf8 29. Rf3 Ne7 30. Qe5 Qxe5 31. dxe5 Ne6 32. Nxg3 d4 33. cxd4 Nxd4 34. Rd3 Nec6 35. a3 Rd8 36. Ng4 Ne2+ 37. Nxe2 Rxd3 38. Nf4 Rd4 39. Ne6 Rd1+ 40. Kf2 Kb8 41. h4 Rd5 42. Nf4 Rd4 43. Ke3 Rd1 44. h5 Re1+ 45. Kf3 Nxe5+ 46. Nxe5 Rxe5 47. h6 Re7 48. g4 b6 49. g5 c5 50. bxc5 bxc5 51. g6 c4 52. h7 Re8 53. g7 c3 54. g8=Q Rc8 55. Qxc8+ Kxc8 56. h8=Q+ Kb7 57. Qxc3 Kb6 58. Nd5+ Kb5 59. Qb4+ Kc6 60. Qb6+ Kxd5 61. Qxa6 Kc5 62. a4 1-0


[Site "https://www.chess.com"]

[Event "Titled Tuesday Blitz April 4 Late 2023"]
[White "QuiesPrecatio"]
[Black "Rustemov, Alexander"]
[BlackFideId "4119002"]
[WhiteElo "2459"]
[BlackElo "2853"]
[Result "0-1"]
[Round "01"]
[TimeControl "180+2"]
[Date "2023.04.04"]
[WhiteClock "0:00:04"]
[BlackClock "0:00:07"]

1. d4 g6 2. Nf3 Bg7 3. c4 c5 4. g3 cxd4 5. Nxd4 Nc6 6. Nc2 d6 7. Bg2 Be6 8. Ne3 Nf6 9. Nc3 O-O 10. O-O Rc8 11. Qd2 Qa5 12. a3 Qh5 13. Ned5 Ng4 14. h3 Nge5 15. g4 Qh4 16. b3 h5 17. f3 Nd4 18. Rb1 hxg4 19. fxg4 Rfe8 20. Qg5 Qxg5 21. Bxg5 Ndc6 22. Rfd1 Nd7 23. Be3 Be5 24. Ne4 f6 25. Nf2 g5 26. Be4 Kg7 27. Kg2 b6 28. Nd3 Nc5 29. Bxc5 dxc5 30. Nxe5 Nxe5 31. Ne3 Rcd8 32. Bf5 Bf7 33. Be4 e6 34. Kg3 Kf8 35. Rxd8 Rxd8 36. Rd1 Rc8 37. Rd2 Ke7 38. Nd1 a6 39. Nc3 Rb8 40. Bd3 Be8 41. b4 cxb4 42. axb4 Rc8 43. Ne4 Nxc4 44. Rc2 Bb5 45. Nc3 Nd6 46. Nxb5 axb5 47. Rxc8 Nxc8 48. Bxb5 Nd6 49. Bd3 e5 50. Kf3 Ke6 51. Ke3 Kd5 52. Kd2 e4 53. Bb1 Nc4+ 54. Kc3 Ne3 55. Ba2+ Ke5 56. Bb1 Ng2 57. Kc4 Nf4 58. Kb5 Nxe2 59. Kxb6 e3 60. Bd3 Nf4 61. Bc4 Kd4 62. Ba6 Nd3 63. Kc7 e2 64. Bxd3 e1=Q 65. b5 Qe5+ 66. Kc6 Kxd3 67. b6 Qb8 0-1


[Site "https://www.chess.com"]

[Event "Titled Tuesday Blitz April 4 Late 2023"]
[White "Baskakov, Egor"]
[Black "Rizzo, Tobias"]
[WhiteFideId "24197866"]
[BlackFideId "30942691"]
[WhiteElo "2212"]
[BlackElo "2459"]
[Result "1-0"]
[Round "01"]
[TimeControl "180+2"]
[Date "2023.04.04"]
[WhiteClock "0:01:49"]
[BlackClock "0:00:05"]

1. e4 c5 2. Nf3 e6 3. Be2 Nc6 4. c4 Nf6 5. Nc3 d5 6. exd5 exd5 7. d4 dxc4 8. d5 Na5 9. Bxc4 Nxc4 10. Qa4+ Bd7 11. Qxc4 Be7 12. O-O O-O 13. Bf4 Bg4 14. d6 Bxd6 15. Rad1 Ne8 16. Ne4 Bxf4 17. Rxd8 Rxd8 18. Nxc5 Bxf3 19. Qxf4 Bc6 20. h3 Nf6 21. Re1 Rd5 22. Ne4 Nxe4 23. Qxe4 Rd2 24. Qb4 Rfd8 25. Re3 g6 26. a3 Rd1+ 27. Kh2 R1d2 28. Kg3 R2d5 29. Qe7 Re8 30. Qf6 Rc8 31. f3 Rf5 32. Qd4 Rd5 33. Qf4 Rf5 34. Qd4 Rd5 35. Qxa7 Rg5+ 36. Kh2 Rd8 37. Re2 Rgd5 38. a4 h5 39. b4 Rd4 40. b5 Bd5 41. Qxd4 1-0


[Site "https://www.chess.com"]

[Event "Titled Tuesday Blitz April 4 Late 2023"]
[White "Golubev, Mikhail"]
[Black "Perez Ponsa, Federico"]
[WhiteFideId "14100983"]
[BlackFideId "117927"]
[WhiteElo "2374"]
[BlackElo "2590"]
[Result "0-1"]
[Round "01"]
[TimeControl "180+2"]
[Date "2023.04.04"]
[WhiteClock "0:00:04"]
[BlackClock "0:01:25"]

1. e4 c6 2. d4 d5 3. e5 Bf5 4. h4 a6 5. h5 c5 6. dxc5 Nc6 7. Bf4 f6 8. Nf3 e6 9. Bd3 Bg4 10. exf6 Nxf6 11. Be2 Bxc5 12. h6 g6 13. O-O Ne4 14. Nbd2 O-O 15. Bh2 Qb6 16. c4 Nxf2 17. Qb3 Ne4+ 18. Kh1 Nxd2 0-1


[Site "https://www.chess.com"]

[Event "Titled Tuesday Blitz April 4 Late 2023"]
[White "Ashraf, Artin"]
[Black "Fieberg, Samuel"]
[WhiteFideId "22514805"]
[BlackFideId "12901717"]
[WhiteElo "2188"]
[BlackElo "2455"]
[Result "1-0"]
[Round "01"]
[TimeControl "180+2"]
[Date "2023.04.04"]
[WhiteClock "0:01:29"]
[BlackClock "0:01:27"]

1. e4 e6 2. d3 d5 3. Nd2 Nf6 4. g3 Be7 5. Bg2 O-O 6. Ngf3 a5 7. O-O a4 8. a3 Nc6 9. e5 Nd7 10. Re1 f6 11. exf6 Bxf6 12. Nf1 e5 13. h3 Nb6 14. Ne3 Be6 15. Ng4 h5 16. Ngxe5 Bxe5 17. Nxe5 Qf6 18. Nxc6 Qxf2+ 19. Kh2 Bxh3 20. Ne7+ Kh7 21. Qxh5# 1-0


[Site "https://www.chess.com"]

[Event "Titled Tuesday Blitz April 4 Late 2023"]
[White "Meunier-Pion, Jean"]
[Black "Rostovtsev, Dmitry"]
[WhiteFideId "20685327"]
[BlackFideId "34278320"]
[WhiteElo "2124"]
[BlackElo "2280"]
[Result "1-0"]
[Round "01"]
[TimeControl "180+2"]
[Date "2023.04.04"]
[WhiteClock "0:00:11"]
[BlackClock "0:00:19"]

1. e4 c5 2. Nf3 Nc6 3. Bb5 e6 4. Bxc6 bxc6 5. O-O Ne7 6. Re1 Ng6 7. e5 f6 8. d4 cxd4 9. Qxd4 Bb7 10. exf6 Qxf6 11. Qxf6 gxf6 12. Nc3 c5 13. Be3 Rg8 14. Kf1 Rb8 15. b3 d5 16. Na4 d4 17. Bc1 e5 18. Nd2 Nf4 19. g3 Ba6+ 20. Kg1 Ne2+ 21. Kg2 Nf4+ 22. Kg1 Ne2+ 23. Kg2 Nxc1 24. Raxc1 Be7 25. Ne4 Rc8 26. f4 f5 27. Nexc5 Bxc5 28. Rxe5+ Be7 29. Rxf5 Bd3 30. Ra5 Rxc2+ 31. Rxc2 Bxc2 32. Rxa7 Kf7 33. Kf2 Rd8 34. Ke1 d3 35. Kd2 Kf8 36. Rb7 Re8 37. Nc3 Kg8 38. Nd5 Bd8 39. Ne3 Bb1 40. a3 Bf6 41. Rc7 Bd4 42. Nf5 Bf6 43. Nh6+ Kh8 44. Nf7+ Kg7 45. Nd6+ Re7 46. Nf5+ Kf7 47. Nxe7 Bxe7 48. b4 Ke6 49. Rc1 Bc2 50. Rxc2 dxc2 51. Kxc2 Kd5 52. Kd3 Bd6 53. h3 h5 54. g4 hxg4 55. hxg4 Bxf4 56. a4 Bg5 57. b5 Kc5 58. Ke4 Bd8 59. Kf5 Kb4 60. g5 Bb6 61. g6 Bd4 62. b6 Bxb6 63. g7 Kxa4 64. g8=Q Kb5 65. Qd5+ Kb4 66. Ke6 Bc5 67. Kd7 Bb6 68. Kc6 Bf2 69. Qd2+ 1-0


[Site "https://www.chess.com"]

[Event "Titled Tuesday Blitz April 4 Late 2023"]
[White "Maksimovic, Bojan"]
[Black "Donskov, Anatoly"]
[WhiteFideId "14408120"]
[BlackFideId "24143413"]
[WhiteElo "2468"]
[BlackElo "2247"]
[Result "1-0"]
[Round "01"]
[TimeControl "180+2"]
[Date "2023.04.04"]
[WhiteClock "0:01:13"]
[BlackClock "0:00:28"]

1. Nf3 d5 2. g3 Nf6 3. Bg2 Bf5 4. O-O e6 5. c4 c6 6. Qb3 Qb6 7. d3 Nbd7 8. cxd5 exd5 9. Qc2 Be7 10. Nc3 O-O 11. e4 dxe4 12. dxe4 Bg6 13. Be3 Bc5 14. Na4 Bxe4 15. Nxb6 Bxc2 16. Nxd7 Nxd7 17. Bxc5 Nxc5 18. Rfc1 Nb3 19. axb3 Bxb3 20. Nd4 Be6 21. Nxe6 fxe6 22. Bh3 e5 23. Re1 Rfe8 24. Ra5 e4 25. Ra4 Rad8 26. Rxa7 b5 27. Bg2 Rd2 28. Bxe4 Kh8 29. b3 Rb2 30. Rc7 Rxb3 31. Rxc6 b4 32. Kg2 Rb2 33. Bf3 Rf8 34. Rb6 Rb3 35. Bd5 Rb2 36. Bf3 Rb3 37. Re3 Rb2 38. h4 h6 39. h5 1-0


[Site "https://www.chess.com"]

[Event "Titled Tuesday Blitz April 4 Late 2023"]
[White "Goltseva, Ekaterina"]
[Black "Mammadov, Zaur"]
[WhiteFideId "24173770"]
[BlackFideId "13401033"]
[WhiteElo "2200"]
[BlackElo "2441"]
[Result "0-1"]
[Round "01"]
[TimeControl "180+2"]
[Date "2023.04.04"]
[WhiteClock "0:00:12"]
[BlackClock "0:01:14"]

1. d4 d5 2. Nf3 Nf6 3. c4 dxc4 4. e3 e6 5. Bxc4 c5 6. O-O cxd4 7. exd4 Be7 8. Nc3 O-O 9. Bg5 Nc6 10. Re1 b6 11. Qd2 Bb7 12. Qf4 Nb4 13. Rad1 Nbd5 14. Qg3 Rc8 15. Bd3 Nxc3 16. bxc3 Rxc3 17. Ne5 Qd5 18. h4 Kh8 19. Re3 Qxd4 20. Be2 Rxe3 21. Bxe3 Qb2 22. Bd4 Qxe2 23. Rc1 Qe4 24. Be3 Bd6 25. Bf4 Nh5 0-1


[Site "https://www.chess.com"]

[Event "Titled Tuesday Blitz April 4 Late 2023"]
[White "Urazayev, Arystanbek"]
[Black "Erzhanov, Arman"]
[WhiteFideId "13709810"]
[BlackFideId "4138821"]
[WhiteElo "2449"]
[BlackElo "2138"]
[Result "1-0"]
[Round "01"]
[TimeControl "180+2"]
[Date "2023.04.04"]
[WhiteClock "0:01:25"]
[BlackClock "0:00:50"]

1. e4 d6 2. d4 Nf6 3. Nc3 c6 4. Nf3 Bg4 5. h3 Bxf3 6. Qxf3 e6 7. Bd3 d5 8. exd5 cxd5 9. O-O Nc6 10. Ne2 Be7 11. c3 O-O 12. Ng3 Rc8 13. a4 Na5 14. Bf4 Nc4 15. Rab1 Qa5 16. Rfe1 Rfd8 17. Bc2 a6 18. Nf5 Bf8 19. Bg5 exf5 20. Bxf6 gxf6 21. Qxf5 Bg7 22. Re7 Rc7 23. Rbe1 Rxe7 24. Rxe7 Kf8 25. Rxb7 Nd6 26. b4 Qxa4 27. Rxf7+ 1-0


[Site "https://www.chess.com"]

[Event "Titled Tuesday Blitz April 4 Late 2023"]
[White "Mordechai, Hanan"]
[Black "Timofeev, Artyom"]
[WhiteFideId "2804166"]
[BlackFideId "4140419"]
[WhiteElo "2324"]
[BlackElo "2586"]
[Result "0-1"]
[Round "01"]
[TimeControl "180+2"]
[Date "2023.04.04"]
[WhiteClock "0:00:29"]
[BlackClock "0:00:05"]

1. Nf3 c5 2. c4 Nf6 3. g3 d5 4. cxd5 Nxd5 5. Bg2 Nc6 6. O-O e5 7. Nc3 Nc7 8. d3 Be7 9. a3 O-O 10. Rb1 Be6 11. b4 cxb4 12. axb4 Bxb4 13. Bd2 a5 14. Qa4 Nd4 15. Nxd4 exd4 16. Ne4 b5 17. Qc2 Nd5 18. Bxb4 axb4 19. Qc5 Ra2 20. Qxd4 Rxe2 21. Nc5 Nc3 22. Rxb4 Qxd4 23. Rxd4 Bf5 24. Ne4 Rxe4 25. dxe4 Ne2+ 26. Kh1 Nxd4 27. exf5 Nxf5 28. Rb1 Rb8 29. Kg1 b4 30. Bd5 Kf8 31. Kf1 Nd4 32. Ke1 Ke7 33. Kd2 Rd8 34. Bg2 Nb5+ 35. Ke3 Na3 36. Rb3 Nc2+ 37. Kf4 Rd4+ 38. Kf3 Rc4 39. Bf1 Nd4+ 40. Ke3 Nxb3 41. Bxc4 Nc5 42. Kd4 Ne6+ 43. Kd3 g5 44. Bd5 g4 45. Kc4 Ng5 46. Kxb4 Kd6 47. Bb3 Ke5 48. Bc2 f5 49. Bd1 Nh3 50. f3 Nf2 51. Be2 Kd4 52. fxg4 fxg4 53. Bf1 Ke3 54. Kc5 Ne4+ 55. Kd5 Nd2 56. Ba6 Nf3 57. Bc8 Nxh2 58. Ke5 Kf3 59. Kf6 Kxg3 60. Kg5 Kf3 61. Bb7+ Kf2 62. Kh4 g3 63. Bh1 Nf3+ 64. Kg4 Ne1 65. Kh5 Nf3 66. Kh6 Ne5 67. Kxh7 Kg1 68. Be4 Ng4 69. Kg6 Kf2 70. Ba8 Nh2 71. Bh1 Nf3 72. Kf5 Nd4+ 73. Kf4 Nc2 74. Kg4 Ne1 75. Kh3 Nf3 76. Bg2 Ng1+ 77. Kg4 Kxg2 78. Kf4 Kh2 79. Ke3 g2 80. Kf2 Nh3+ 81. Ke3 g1=Q+ 82. Ke4 Qg3 83. Kf5 Nf2 84. Ke6 Qh4 85. Kd5 Qf4 86. Ke6 Qg5 87. Kd6 Qf5 88. Kc6 Qe5 0-1


[Site "https://www.chess.com"]

[Event "Titled Tuesday Blitz April 4 Late 2023"]
[White "Castellanos Rodriguez, Renier"]
[Black "Tworuszka, Michal"]
[WhiteFideId "3404650"]
[BlackFideId "1117858"]
[WhiteElo "2597"]
[BlackElo "2449"]
[Result "0-1"]
[Round "01"]
[TimeControl "180+2"]
[Date "2023.04.04"]
[WhiteClock "0:01:26"]
[BlackClock "0:00:15"]

1. d4 Nf6 2. Nf3 e6 3. c4 b6 4. g3 Bb7 5. Bg2 Be7 6. O-O O-O 7. Nc3 Ne4 8. Bd2 Nxd2 9. Qxd2 d6 10. Rfe1 Nd7 11. e4 e5 12. Rad1 exd4 13. Nxd4 Re8 14. Nd5 Bf8 15. b3 c6 16. Nc3 Qc7 17. Nf5 Red8 18. h4 Nc5 19. Qg5 Ne6 20. Qe3 h5 21. Re2 g6 22. Nd4 Kh7 23. Nxe6 fxe6 24. e5 dxe5 25. Rde1 Bg7 26. Ne4 Qe7 27. Ng5+ Kh8 28. Be4 Qf6 29. Bc2 Rd4 30. Nf3 c5 31. Nxd4 cxd4 32. Qg5 Qxg5 33. hxg5 Bf3 34. Bxg6 Bxe2 35. Rxe2 Rd8 36. Be4 Bf8 37. Kg2 Bb4 38. Bd3 Bd6 39. Kf3 Kg7 40. Ke4 h4 41. gxh4 Rh8 42. Kf3 Rxh4 43. Kg2 Rg4+ 44. Kf1 Rxg5 45. f3 Rg3 46. Kf2 Rh3 47. Re4 Rh2+ 48. Kg3 Rxa2 49. Rg4+ Kf7 50. Be4 Rb2 51. Rh4 Rxb3 52. Rh7+ Kf8 53. Rxa7 d3 54. Rd7 Bc5 55. Bxd3 Bd4 56. Be4 Rc3 57. Rc7 b5 58. Rc6 bxc4 59. Rxe6 Rc1 60. Rc6 c3 61. Kg4 Ke7 62. Kf5 Kd7 63. Rc4 Kd6 64. Rc6+ Kd7 65. Rc4 Kd6 66. Kf6 Rh1 67. Rc6+ Kd7 68. Ra6 Rh6+ 69. Bg6 c2 0-1


[Site "https://www.chess.com"]

[Event "Titled Tuesday Blitz April 4 Late 2023"]
[White "Urbina Perez, Juan Antonio"]
[Black "Gokerkan, Cem Kaan"]
[WhiteFideId "2217368"]
[BlackFideId "6336760"]
[WhiteElo "2197"]
[BlackElo "2365"]
[Result "0-1"]
[Round "01"]
[TimeControl "180+2"]
[Date "2023.04.04"]
[WhiteClock "0:00:22"]
[BlackClock "0:00:04"]

1. c4 g6 2. d4 Bg7 3. Nf3 Nf6 4. g3 O-O 5. Bg2 d6 6. Nc3 Nbd7 7. Qc2 e5 8. Bg5 h6 9. Bd2 exd4 10. Nxd4 Re8 11. O-O Ne5 12. b3 h5 13. h4 c6 14. Rfe1 Qb6 15. Nf3 Neg4 16. Rf1 Bf5 17. Qc1 Ne4 18. Nxe4 Rxe4 19. e3 Bxa1 20. Qxa1 Ree8 21. Nh2 Ne5 22. Bc3 Kh7 23. Nf3 Nxf3+ 24. Bxf3 Be4 25. Bg2 Bxg2 26. Kxg2 Qc5 27. Qd1 Re6 28. Bd4 Qf5 29. Bb2 Rae8 30. Kg1 Qg4 31. Qd2 f6 32. Re1 Qf3 33. Qd4 c5 34. Qc3 Kg7 35. a3 Re5 36. Qd3 Rf5 37. Rf1 d5 38. b4 d4 39. bxc5 dxe3 40. Qd7+ Kf8 41. Qd6+ Re7 42. Bd4 e2 43. Re1 Qc6 44. f4 Qxd6 45. cxd6 Re4 46. Bxa7 Ke8 47. c5 Kd7 48. Kf2 Rd5 49. Rxe2 Rxe2+ 50. Kxe2 Kc6 51. Bb6 f5 52. a4 Rd4 53. a5 Ra4 54. Kf3 Ra3+ 55. Kg2 Rd3 56. Kf2 Kd7 57. Kg2 Ke6 58. Kf2 Rd2+ 59. Kf3 Ra2 60. Ke3 Rb2 61. Kf3 Rb3+ 62. Kf2 Kd7 63. Kg2 Kc6 64. Kf2 Rd3 65. Kg2 Kb5 66. Kf2 Kc4 67. Ke2 Rd5 68. a6 bxa6 69. c6 Rxd6 70. c7 Rc6 71. Ke3 Kb5 72. Bd4 Rxc7 0-1


[Site "https://www.chess.com"]

[Event "Titled Tuesday Blitz April 4 Late 2023"]
[White "Pichot, Alan"]
[Black "Moral Garcia, Serafin"]
[WhiteFideId "110973"]
[BlackFideId "2201925"]
[WhiteElo "2573"]
[BlackElo "2274"]
[Result "1-0"]
[Round "01"]
[TimeControl "180+2"]
[Date "2023.04.04"]
[WhiteClock "0:00:42"]
[BlackClock "0:00:25"]

1. e4 e5 2. Nf3 Nf6 3. Nc3 Nc6 4. Bb5 Bb4 5. Bxc6 dxc6 6. d3 Bd6 7. O-O O-O 8. h3 Nd7 9. Ne2 Re8 10. Ng3 Nf8 11. Nd2 Ne6 12. Nc4 f6 13. Be3 c5 14. Kh1 b6 15. Nf5 Bf8 16. Qf3 Nd4 17. Bxd4 cxd4 18. g4 Be6 19. Rg1 g6 20. Ng3 Bh6 21. Ne2 b5 22. Na3 a6 23. Qg3 Qd6 24. Rgf1 Bf4 25. Nxf4 exf4 26. Qf3 g5 27. Nb1 Kg7 28. Nd2 c5 29. a4 Bd7 30. axb5 axb5 31. Kg2 Bc6 32. Qe2 Rxa1 33. Rxa1 Ra8 34. Rxa8 Bxa8 35. Nf3 Bc6 36. Qe1 h5 37. Qa5 hxg4 38. hxg4 Bd7 39. Qa7 Kg6 40. Nh2 Be6 41. Qb7 b4 42. b3 Qd7 43. Qb6 Qc8 44. f3 Bd7 45. Nf1 Qc6 46. Qd8 Be6 47. Nd2 Qc8 48. Qe7 Qd7 49. Qxc5 Qh7 50. Qxd4 Qh4 51. Qf2 Qh7 52. Nc4 Bxc4 53. bxc4 Qd7 54. d4 Qc6 55. c5 Qb5 56. d5 Qc4 57. d6 Qe6 58. Qd2 Kf7 59. d7 1-0


[Site "https://www.chess.com"]

[Event "Titled Tuesday Blitz April 4 Late 2023"]
[White "Dzida, Kamil"]
[Black "Nagy, Gabor"]
[WhiteFideId "21828652"]
[BlackFideId "737119"]
[WhiteElo "2139"]
[BlackElo "2514"]
[Result "1-0"]
[Round "01"]
[TimeControl "180+2"]
[Date "2023.04.04"]
[WhiteClock "0:00:24"]
[BlackClock "0:01:48"]

1. e4 g6 2. d4 Bg7 3. Nf3 d6 4. Nc3 Nf6 5. Be2 O-O 6. O-O Nc6 7. d5 Nb8 8. h3 c6 9. a4 Qc7 10. Be3 cxd5 11. exd5 a6 12. Nd2 Nbd7 13. a5 b5 14. axb6 Nxb6 15. Nb3 Bb7 16. Bxb6 Qxb6 17. Na5 Rfc8 18. Ra2 Rc5 19. Nxb7 Qxb7 20. Qa1 a5 21. Rb1 Nxd5 22. Nxd5 Rxd5 23. Bf3 Bf6 24. c4 e6 25. cxd5 e5 26. Rxa5 Rxa5 27. Qxa5 Kg7 28. b4 Qc8 29. Qa2 Bd8 30. Qb2 Bb6 31. Rc1 Qf5 32. Qe2 Qf4 33. Rc4 Qg5 34. Rc6 Bd4 35. b5 Qd8 36. g3 f5 37. Kg2 e4 38. Bxe4 fxe4 39. Qxe4 Qf6 40. Rc7+ Kh6 41. Qf4+ Qxf4 42. gxf4 Bb6 43. Rc6 Bd4 44. b6 Kh5 45. b7 Ba7 46. Ra6 Bb8 47. Ra8 Bc7 48. Rc8 Bb8 49. Rxb8 h6 50. Rc8 Kh4 51. b8=Q g5 52. Qxd6 h5 53. f5 g4 54. Qf6# 1-0


[Site "https://www.chess.com"]

[Event "Titled Tuesday Blitz April 4 Late 2023"]
[White "Szpar, Milosz"]
[Black "Romkachess"]
[WhiteFideId "1184989"]
[WhiteElo "2436"]
[BlackElo "2448"]
[Result "1-0"]
[Round "01"]
[TimeControl "180+2"]
[Date "2023.04.04"]
[WhiteClock "0:00:17"]
[BlackClock "0:00:01"]

1. e4 c5 2. Nf3 d6 3. Bb5+ Bd7 4. c4 Nc6 5. O-O g6 6. d4 cxd4 7. Nxd4 Bg7 8. Be3 Nf6 9. f3 O-O 10. Nc3 a6 11. Bxc6 bxc6 12. c5 d5 13. e5 Ne8 14. f4 Nc7 15. Na4 Ne6 16. Nb6 Rb8 17. b4 Nxd4 18. Bxd4 Bf5 19. Qe2 f6 20. Qxa6 fxe5 21. fxe5 e6 22. Qe2 Bh6 23. a4 Qe7 24. a5 Be4 25. a6 Rxf1+ 26. Rxf1 Rf8 27. Rxf8+ Bxf8 28. Qa2 Qg5 29. Qb2 Qg4 30. a7 Bxg2 31. a8=Q Bh3+ 32. Kf2 Qg2+ 33. Ke1 Qf1+ 34. Kd2 Qf4+ 35. Be3 Qxh2+ 36. Kc3 Qg3 37. Qf2 Qxe5+ 38. Bd4 1-0


[Site "https://www.chess.com"]

[Event "Titled Tuesday Blitz April 4 Late 2023"]
[White "mohsengabr2002"]
[Black "Holt, Conrad"]
[BlackFideId "2034387"]
[WhiteElo "2448"]
[BlackElo "2592"]
[Result "0-1"]
[Round "01"]
[TimeControl "180+2"]
[Date "2023.04.04"]
[WhiteClock "0:01:35"]
[BlackClock "0:01:22"]

1. e4 e6 2. d3 d5 3. Nd2 Bd6 4. g3 c5 5. Ngf3 Nc6 6. Bg2 Nge7 7. O-O O-O 8. Re1 Qc7 9. Qe2 f6 10. c3 Bd7 11. Nf1 d4 12. c4 a6 13. a3 b5 14. b3 Rab8 15. h4 bxc4 16. bxc4 Rb3 17. h5 Rfb8 18. Nh4 Ne5 19. Rd1 Nf7 20. f4 e5 21. f5 Ba4 22. Re1 Qa5 23. Bd2 Qd8 24. Bc1 Bc7 25. Nh2 Ba5 26. Rf1 h6 27. Ng4 Kh7 28. Ng6 Ng8 29. Rf2 Bc3 30. Ra2 Rb1 31. Rf1 Bb3 32. Rd2 Bxd2 33. Qxd2 Ba4 34. Kh2 R8b3 35. Bf3 Rc3 36. Be2 Rc2 37. Qe1 Rbxc1 38. Qxc1 Rxc1 39. Rxc1 Qb6 40. Bd1 Ne7 41. Bxa4 Qb2+ 42. Rc2 Qxa3 43. Nxe7 Qxa4 44. Rb2 Ng5 45. Ng6 Qd1 46. Rb8 Qe2+ 47. Kh1 Qf1+ 48. Kh2 Nf3# 0-1


[Site "https://www.chess.com"]

[Event "Titled Tuesday Blitz April 4 Late 2023"]
[White "Goltsev, Dmitry"]
[Black "WindWhistler11"]
[WhiteFideId "24176710"]
[WhiteElo "2336"]
[BlackElo "2440"]
[Result "0-1"]
[Round "01"]
[TimeControl "180+2"]
[Date "2023.04.04"]
[WhiteClock "0:02:23"]
[BlackClock "0:01:40"]

1. e4 e6 2. d4 d5 3. exd5 exd5 4. Nf3 Nc6 5. c4 Nf6 6. Nc3 Bb4 7. Bd3 dxc4 8. Bxc4 O-O 9. O-O Bg4 10. Bg5 h6 11. Bh4 Bxf3 12. Qxf3 Nxd4 13. Qxb7 Rb8 14. Qxa7 Ra8 15. Qb7 Rb8 16. Bxf6 Qxf6 17. Qxc7 Rbc8 18. Qb7 Rxc4 19. Nd5 Qd6 20. b3 Ne2+ 21. Kh1 Qxh2+ 22. Kxh2 Rh4# 0-1


[Site "https://www.chess.com"]

[Event "Titled Tuesday Blitz April 4 Late 2023"]
[White "Rios Escobar, Adan"]
[Black "Krzyzanowski, Marcin"]
[WhiteFideId "3403645"]
[BlackFideId "1132199"]
[WhiteElo "2437"]
[BlackElo "2471"]
[Result "1-0"]
[Round "01"]
[TimeControl "180+2"]
[Date "2023.04.04"]
[WhiteClock "0:00:28"]
[BlackClock "0:00:53"]

1. d4 d5 2. g3 c5 3. Nf3 cxd4 4. Bg2 Nc6 5. Nxd4 Nf6 6. O-O e6 7. c4 Bc5 8. Nxc6 bxc6 9. Nc3 O-O 10. Na4 Be7 11. b3 e5 12. Bb2 e4 13. Rc1 Bg4 14. h3 Be6 15. e3 Qd7 16. Kh2 dxc4 17. bxc4 Qc7 18. Bxf6 Bxf6 19. Nc5 Bf5 20. Nxe4 Bb2 21. Rc2 Ba3 22. Rd2 Qa5 23. Nd6 Bxd6 24. Rxd6 Qxa2 25. Bxc6 Rab8 26. Bd5 Rb2 27. Qf3 Bg6 28. h4 Qa3 29. Rc6 h5 30. Rxg6 Qd3 31. Qf6 1-0


[Site "https://www.chess.com"]

[Event "Titled Tuesday Blitz April 4 Late 2023"]
[White "Pakleza, Zbigniew"]
[Black "reevecanada"]
[WhiteFideId "1119290"]
[WhiteElo "2410"]
[BlackElo "2435"]
[Result "1-0"]
[Round "01"]
[TimeControl "180+2"]
[Date "2023.04.04"]
[WhiteClock "0:00:13"]
[BlackClock "0:00:14"]

1. a3 d5 2. d3 Nf6 3. Bg5 h6 4. Bxf6 exf6 5. Nd2 Bd6 6. e3 c5 7. c3 Nc6 8. d4 c4 9. e4 dxe4 10. Nxe4 O-O 11. Nxd6 Qxd6 12. Bxc4 Na5 13. Bd3 Be6 14. Ne2 Bb3 15. Qd2 Bd5 16. Qf4 Qb6 17. b4 Nc4 18. Qf5 Rfd8 19. Qh7+ Kf8 20. O-O Ke7 21. Nf4 Qc6 22. Rfe1+ Kd7 23. Nxd5 Qxd5 24. Bxc4 Qxc4 25. Qxg7 Re8 26. Qxf6 Qxc3 27. Qxf7+ Kd6 28. Rec1 Qd3 29. Qc7+ Ke6 30. Qxb7 Qxd4 31. Rd1 Qe5 32. Re1 Rad8 33. Rxe5+ Kxe5 34. h3 Kf6 35. Qxa7 Re6 36. Qc5 Rde8 37. Qc3+ Kf7 38. b5 h5 39. a4 Kg6 40. a5 h4 41. Kh2 Kh5 42. Kh1 Rg6 43. Kg1 Reg8 44. Qf3+ Kh6 45. b6 Rg5 46. a6 R5g6 47. b7 Rb6 48. Qe3+ Kh5 49. Qxb6 Rg5 50. b8=Q Rf5 51. Qh8+ Kg5 52. Qhh6# 1-0


[Site "https://www.chess.com"]

[Event "Titled Tuesday Blitz April 4 Late 2023"]
[White "Marczuk, Dominik"]
[Black "Costachi, Mihnea"]
[WhiteFideId "1111264"]
[BlackFideId "1217518"]
[WhiteElo "2174"]
[BlackElo "2456"]
[Result "0-1"]
[Round "01"]
[TimeControl "180+2"]
[Date "2023.04.04"]
[WhiteClock "0:00:19"]
[BlackClock "0:02:06"]

1. e4 e5 2. Nf3 Nc6 3. Bc4 Bc5 4. O-O d6 5. c3 Nf6 6. d3 h6 7. Nbd2 a6 8. Bb3 Ba7 9. Re1 O-O 10. Nf1 Nh5 11. Ne3 Nf4 12. Nd5 Nxd5 13. exd5 Ne7 14. d4 exd4 15. Nxd4 Nf5 16. Nxf5 Bxf5 17. Qf3 Qf6 18. Be3 Bxe3 19. Rxe3 Qg5 20. Rae1 Bd7 21. Bc2 Rae8 22. g3 Rxe3 23. Rxe3 Rd8 24. h4 Qg4 25. Qxg4 Bxg4 26. f3 Bd7 27. Kf2 Kf8 28. g4 c5 29. h5 b5 30. Kg3 a5 31. f4 c4 32. g5 b4 33. gxh6 gxh6 34. f5 Kg7 35. Kf4 Kf6 36. b3 Rc8 37. cxb4 axb4 38. bxc4 Rxc4+ 39. Be4 Bxf5 40. Kf3 Bxe4+ 41. Rxe4 Rxe4 42. Kxe4 Kg5 43. Kd4 f5 44. Kc4 f4 45. Kxb4 f3 46. a3 f2 0-1


[Site "https://www.chess.com"]

[Event "Titled Tuesday Blitz April 4 Late 2023"]
[White "Mahdavi, Reza"]
[Black "Bochnicka, Vladimir"]
[WhiteFideId "12595926"]
[BlackFideId "14943450"]
[WhiteElo "2357"]
[BlackElo "2094"]
[Result "1-0"]
[Round "01"]
[TimeControl "180+2"]
[Date "2023.04.04"]
[WhiteClock "0:00:09"]
[BlackClock "0:00:04"]

1. Nf3 Nf6 2. g3 g6 3. b3 Bg7 4. Bb2 O-O 5. Bg2 d6 6. d4 c5 7. c4 Nc6 8. O-O Bf5 9. Nc3 Qd7 10. d5 Nd8 11. Nd2 Bh3 12. e4 Bxg2 13. Kxg2 Ng4 14. Qc2 e6 15. Rae1 a6 16. h3 Nh6 17. f4 e5 18. Nf3 f5 19. fxe5 dxe5 20. exf5 Nxf5 21. Ne4 Nf7 22. Nxc5 Qd6 23. Ne6 e4 24. Rxe4 Qxg3+ 25. Kh1 Qxh3+ 26. Kg1 Qg3+ 27. Qg2 Qxg2+ 28. Kxg2 Bxb2 29. Nxf8 Rxf8 30. Rd1 N7d6 31. Re2 Bf6 32. c5 Nb5 33. Rd3 Nfd4 34. Nxd4 Nxd4 35. Re4 Nf5 36. d6 h5 37. d7 h4 38. Re8 Bd8 39. Kh3 Kf7 40. Rxf8+ Kxf8 41. b4 Ke7 42. a4 g5 43. b5 axb5 44. axb5 Ng7 45. c6 bxc6 46. bxc6 Ne6 47. Kg4 Nc5 48. Rd5 Na6 49. Rd1 Nc7 50. Kf5 h3 51. Kxg5 Ke6+ 52. Kf4 Nd5+ 53. Ke4 Nf6+ 54. Kd3 Kd6 55. Rc1 h2 56. Ke2 Ng4 57. Kf3 Nf6 58. Kg2 Ne4 59. Kxh2 Nc5 60. c7 Kxc7 61. Rxc5+ Kxd7 62. Rc2 Bc7+ 63. Kg2 Bd6 64. Kf3 Ke7 65. Ke4 Kd7 66. Kd5 Be7 67. Rc6 Bb4 68. Ra6 Ke7 69. Ke5 Kd7 70. Kd5 Ke7 71. Re6+ Kd7 72. Rb6 Bc3 73. Rb7+ Ke8 74. Ke6 Kf8 75. Rf7+ Ke8 76. Rc7 Ba5 77. Rc8+ Bd8 78. Rb8 Kf8 79. Rxd8+ Kg7 80. Rd5 1-0


[Site "https://www.chess.com"]